 Dungeon Crawl Stone Soup version 0.26.1-2-gb8aa6d0cf2 (webtiles) character file.

Game seed: 3250852964475688809

200 phalm the Twirler (level 5, -9/32 HPs)
             Began as a Gargoyle Gladiator on Mar 5, 2021.
             Mangled by a gnoll
             ... wielding a +0 halberd
              (13 damage)
             ... on level 4 of the Dungeon.
             The game lasted 00:04:16 (3391 turns).

phalm the Twirler (Gargoyle Gladiator)              Turns: 3391, Time: 00:04:17

Health: -9/32      AC: 13    Str: 18    XL:     5   Next: 79%
Magic:  5/5        EV: 11    Int:  9    God:
Gold:   165        SH:  0    Dex:  9    Spells: 4/4 levels left

rFire    + . .     SeeInvis .   a - +0 quarterstaff
rCold    . . .     Faith    .   (shield currently unavailable)
rNeg     + . .     Spirit   .   r - +0 ring mail
rPois    ∞         Reflect  .   c - +1 helmet
rElec    +         Harm     .   (no cloak)
rCorr    .         Rampage  .   (no gloves)
Will     .....                  (no boots)
Stlth    ..........             (no amulet)
HPRegen  0.10/turn              e - ring of protection from fire
MPRegen  0.09/turn              (no ring)

@: no status effects
A: hooves 1, molten scales 1, clumsy 1, negative energy resistance 1,
electricity resistance, unbreathing, petrification resistance, miasma immunity,
AC +4
a: no special abilities


You were on level 4 of the Dungeon.
You visited 1 branch of the dungeon, and saw 4 of its levels.

You collected 165 gold pieces.

Inventory:

Hand Weapons
 a - a +0 quarterstaff (weapon)
Missiles
 d - 4 throwing nets (quivered)
Armour
 c - a +1 helmet (worn)
 r - a +0 ring mail (worn)
Jewellery
 e - a ring of protection from fire (left hand)
Scrolls
 h - 3 scrolls of remove curse
 m - 5 scrolls of teleportation
 p - a scroll of identify
 q - a scroll of enchant weapon
Potions
 f - a potion of cancellation {unknown}
 g - 2 potions of mutation
 i - a potion of ambrosia {unknown}
 k - a potion of degeneration {unknown}
 l - a potion of brilliance {unknown}
 o - 2 potions of curing


   Skills:
 + Level 3.4 Fighting
 * Level 4.6 Staves
 - Level 1.7 Throwing
 + Level 2.3 Armour
 + Level 3.1 Dodging


You had 4 spell levels left.
You didn't know any spells.
Your spell library was empty.

Dungeon Overview and Level Annotations

Branches:
Dungeon (4/15)
 Temple: D:4-7

Altars:
Fedhas
Nemelex Xobeh
Vehumet
Zin


Innate Abilities, Weirdness & Mutations

You are resistant to torment.
Your stone body is resilient. (AC +4)
You are immune to poison.
You resist negative energy. (rN+)
You are resistant to electric shocks. (rElec)
You can survive without breathing.
You are immune to petrification.
You are immune to miasma.
You have large cloven feet.
You are partially covered in molten scales. (AC +2)
You are clumsy. (Dex -2)


Message History

You see here a robe.
You stumble into a teleport trap!
You are suddenly yanked towards some nearby monsters!
Your surroundings suddenly seem different.
A gnoll comes into view. It is wielding a +0 halberd.
The gnoll shouts!
A gnoll comes into view.
The gnoll shouts!
A gnoll comes into view. It is wielding a +0 halberd.
The gnoll shouts!
The gnoll shaman completely misses you.
A gnoll comes into view. It is wielding a +0 club.
The gnoll hits you from afar with a +0 halberd!
* * * LOW HITPOINT WARNING * * *
A hound skeleton comes into view.
Found 16 stones.
Found a blossoming altar of Fedhas.
A gnoll shaman comes into view. It is wielding a +0 club.
A worker ant comes into view.
A hound comes into view.
The gnoll hits you from afar with a +0 halberd!
You die...

.##. ....# .....#
......# .......
## .......####.##
.........#...####
...##g.g@......#
..h...gg...P.P..#
.......g.Z.._...?
.....(.##..P.P...
##..... ##.......
#..... .##.###
#..B.. ..
...###.## ......
... ..#....#
......##


You could see a gnoll shaman, a hound (wandering), a worker ant, 4 gnolls and a
hound skeleton.

Vanquished Creatures
  Jessica (D:2)
  A hound skeleton (D:3)
  A gnoll (D:3)
  8 adders
  3 worms
  A leopard gecko (D:2)
  4 orcs (D:3)
  5 giant cockroaches
  11 goblins
  5 hobgoblins
  6 jackals
  2 quokkas (D:2)
  2 ball pythons
  A ball python skeleton (D:4)
  3 bats
  2 frilled lizards
  10 kobolds
  3 rats
69 creatures vanquished.

Notes
Turn   | Place    | Note
-------+----------+-------------------------------------------
     0 | D:1      | phalm the Gargoyle Gladiator began the quest for the Orb.
     0 | D:1      | Reached XP level 1. HP: 12/12 MP: 1/1
   202 | D:1      | Reached XP level 2. HP: 15/18 MP: 2/2
   595 | D:2      | Reached skill level 1 in Armour
   596 | D:2      | Noticed Jessica
   603 | D:2      | Killed Jessica
   604 | D:2      | Reached XP level 3. HP: 6/22 MP: 3/3
   889 | D:2      | Found a glowing silver altar of Zin.
   990 | D:2      | Reached XP level 4. HP: 24/27 MP: 4/4
  1584 | D:2      | Reached skill level 4 in Staves
  2034 | D:3      | Reached XP level 5. HP: 28/32 MP: 5/5
  2718 | D:3      | Found a radiant altar of Vehumet.
  3103 | D:3      | Found a sparkling altar of Nemelex Xobeh.
  3337 | D:4      | Gained mutation: You are clumsy. (Dex -2) [potion of
                  | mutation]
  3337 | D:4      | Gained mutation: You have large cloven feet. [potion of
                  | mutation]
  3337 | D:4      | Gained mutation: You are partially covered in molten
                  | scales. (AC +2) [potion of mutation]
  3389 | D:4      | Found a blossoming altar of Fedhas.
  3391 | D:4      | Mangled by a gnoll

Illustrated notes

Levels and vault maps discovered:
D:1:      evilmike_arrival_crescent, layout_rooms, serial_forest,
          infiniplex_forest_clump_long, infiniplex_forest_straight_1,
          infiniplex_forest_straight_1, infiniplex_forest_clump_diagonal,
          infiniplex_forest_lined_room_, minmay_quantized
D:2:      layout_basic, nicolae_overflow_hidden_temple, uniq_jessica
D:3:      layout_loops_corners, vehumet_crystals, lemuel_doored_altar,
          minmay_close_crescents
D:4:      layout_cave_pools, fedhas_altar_1,
          minmay_temple_entry_enclosed_plants, gup_sewer_entry_spiral,
          serial_shops, shop, nicolae_shop_crystal, hangedman_decor_points,
          guppyfry_early_lair_pool, uniq_duvessa, uniq_grinder, uniq_robin

Skill      XL: |  1  2  3  4  5 |
---------------+----------------+-----
Armour         | 1 2 |  2.3
Staves         | 4 |  4.6
Fighting       | 3 |  3.4
Dodging        | 3 |  3.1
Throwing       | |  1.7

Action                   |  1- 3 |  4- 6 || total
-------------------------+-------+-------++-------
Melee: Quarterstaff      |    57 |   145 ||   202
       Kick              |       |     1 ||     1
  Use: Scroll            |       |     5 ||     5
       Potion            |       |     3 ||     3
 Stab: Sleeping          |     1 |     1 ||     2
Armor: Leather armour    |    17 |    31 ||    48
       Ring mail         |       |    50 ||    50
Dodge: Dodged            |    35 |   116 ||   151
